 Dungeon Crawl Stone Soup version 0.31.0-9-g3a7656b989 (webtiles) character file.

Game seed: 8906141019859130394

9 Colgate the Poker (level 2, 22/24 HPs)
             Began as a Demonspawn Chaos Knight on Feb 3, 2024.
             Was a Plaything of Xom.
             Quit the game on level 1 of the Dungeon.
             The game lasted 00:00:08 (557 turns).

Colgate the Poker (Demonspawn Chaos Knight)          Turns: 557, Time: 00:00:09

Health: 22/24      AC:  5    Str: 12    XL:     2   Next: 6%
Magic:  2/2        EV: 11    Int: 12    God:    Xom [..*...]
Gold:   38         SH:  0    Dex: 12    Spells: 1/1 levels left

rFire   . . .        a - +0 spear (chaos)
rCold   . . .        (no shield)
rNeg    . . .        b - +2 leather armour
rPois   .            (no helmet)
rElec   .            (no cloak)
rCorr   .            (no gloves)
SInv    .            (no boots)
Will    .....        (no amulet)
Stlth   +            (no ring)
HPRegen 0.24/turn    (no ring)
MPRegen 0.08/turn

%: no passive effects
@: very slow
A: demonic touch 1
a: Renounce Religion


You were on level 1 of the Dungeon.
You worshipped Xom.
You were a toy of Xom.
You visited 1 branch of the dungeon, and saw 1 of its levels.

You collected 38 gold pieces.

Inventory:

Hand Weapons
 a - a +0 spear of chaos (weapon)
Armour
 b - a +2 leather armour (worn)
 d - a +0 pair of gloves
Jewellery
 i - a +5 ring of evasion
Scrolls
 c - a scroll of butterflies
 e - a scroll of noise {unknown}
 f - a scroll of amnesia {unknown}
 h - a scroll of fog {unknown}
Potions
 g - a potion of berserk rage {unknown}
 j - a potion of haste {unknown}


   Skills:
 - Level 3.0 Fighting
 + Level 3.3 Polearms
 - Level 1.7 Armour
 - Level 0.8 Dodging


You had one spell level left.
You didn't know any spells.
Your spell library was empty.

Dungeon Overview and Level Annotations

Branches:
Dungeon (1/15)

Altars:


Innate Abilities, Weirdness & Mutations

Your touch may inflict minor irresistible damage on your foes.


Message History

Key pressed, stopping explore.
No target in view!
Key pressed, stopping explore.
No target in view!
Key pressed, stopping explore.
No target in view!
Key pressed, stopping explore.
No target in view!
A goblin comes into view. It is wielding a +0 club.
A dart slug comes into view.
There are monsters nearby!
You enter the shallow water.
Moving in this stuff is going to be slow.
The goblin shouts!
There are monsters nearby!
There are monsters nearby!
You reach to attack!
Your unstable footing causes you to fumble your attack.
There are monsters nearby!
You hit the goblin. You burn the goblin.
There are monsters nearby!
You hit the goblin.
You kill the goblin!
You hear a splash.
A dart slug is nearby!
You reach to attack!
You hit the dart slug but do no damage.
A dart slug is nearby!
You reach to attack!
You hit the dart slug.
The dart slug seems to speed up.
Xom is amused.
The dart slug launches a dart at you. The slug dart hits you.
A dart slug is nearby!
You reach to attack!
You hit the dart slug.
Lightning courses through the dart slug!
You kill the dart slug!
You have reached level 2!
Your demonic ancestry asserts itself...
Your hands begin to faintly glow with unholy energy.
Xom is amused.
Are you sure you want to abandon this character and quit the game? (Confirm with "yes".)

#.##.# #.# #.....# .....#
#+# ##.#.## #.#### # .# ###
###.# #.# .. .#♣~♣♣♣♣# #.#
#.## ... ~P~P♣~~♣##.#
...#### .... ♣~P~~P~~P~♣♣#
......+ .....♣~~~≈≈~~PP~~♣♣#
...####
....~~~~~~~~~≈~P~~~♣# #.##
...P~P)@PP~~~≈~~~~~P♣ #.#
...~~~.~~♣P~~~~~~~~♣# #.###
....~..~...~..~P♣♣♣## #...#
...............†....# ###.#
#♣~~~.~.~...........# #.#
#♣♣♣~~~P~~..~)...#..# #.#
#..♣♣P~~P~~~PP♣.##..# #.#
##...♣~~~~~~~♣♣..##..#
#.#####.....♣♣♣♣♣♣♣♣...##..#


There were no monsters in sight!

Vanquished Creatures
  A dart slug (D:1)
  2 endoplasms (D:1)
  2 goblins (D:1)
  A bat (D:1)
  A rat (D:1)
7 creatures vanquished.

Notes
Turn   | Place    | Note
-------+----------+-------------------------------------------
     0 | D:1      | Colgate the Demonspawn Chaos Knight began the quest for the
                  | Orb.
     0 | D:1      | Reached XP level 1. HP: 18/18 MP: 1/1
   557 | D:1      | Gained mutation: Your touch may inflict minor irresistible
                  | damage on your foes. [demonic ancestry]
   557 | D:1      | Reached XP level 2. HP: 22/24 MP: 2/2
   557 | D:1      | Quit the game

Illustrated notes

Levels and vault maps discovered:
D:1:      dpeg_arrival_long_road, layout_loops_corners, serial_bayou,
          serial_bayou_lagoon_a, serial_bayou_ford_a, serial_bayou_pond_e,
          serial_bayou_pond_d

Skill      XL: |  1 |
---------------+----+-----
Polearms       | 3 |  3.3
Fighting       | |  3.0
Armour         | |  1.7
Dodging        | |  0.8

Action                     || total
---------------------------++-------
  Melee: Spear             ||    19
 Armour: Leather armour    ||     3
  Dodge: Dodged            ||     4
